 Dungeon Crawl Stone Soup version 0.25-a0-544-gee0576305d (webtiles) character file.

Game seed: 6540475775501597464, levelgen mode: deterministic

0 Gargoyl the Skirmisher (level 1, 0/19 HPs)
             Began as a Centaur Abyssal Knight on Feb 20, 2020.
             Was a Follower of Lugonu.
             Slain by a sixfirhy (9 damage)
             ... on level 1 of the Abyss.
             The game lasted 00:00:31 (127 turns).

Gargoyl the Skirmisher (Centaur Abyssal Knight)      Turns: 127, Time: 00:00:32

Health: 0/19       AC:  4    Str: 14      XL:     1   Next: 0%
Magic:  2/2        EV:  9    Int:  9 (11) God:    Lugonu [*.....]
Gold:   0          SH:  0    Dex:  8      Spells: 0/0 levels left

rFire    . . .     SeeInvis .   a - +1 hand axe
rCold    . . .     Gourm    .   (no shield)
rNeg     . . .     Faith    .   b - +0 leather armour
rPois    .         Spirit   .   (no helmet)
rElec    .         Reflect  .   (no cloak)
rCorr    .         Harm     .   (no gloves)
MR       .....                  (no barding)
Stlth    ..........             (no amulet)
HPRegen  0.00/turn              (no ring)
MPRegen  0.08/turn              (no ring)

@: non-regenerating, diseased, very quick
A: large, hooves 3, deformed body, speed 2, tough skin 3
a: Depart the Abyss, Renounce Religion


You were on level 1 of the Abyss.
You worshipped Lugonu.
Lugonu was aware of your devotion.
You were not hungry.

You visited 0 branches of the dungeon, and saw 0 of its levels.
You visited the Abyss 1 time.

Inventory:

Hand Weapons
 a - a +1 hand axe (weapon)
Armour
 b - a +0 leather armour (worn)
Comestibles
 c - a ration


   Skills:
 + Level 3.0 Fighting
 + Level 1.7 Axes
 + Level 1.3 Armour
 + Level 0.6 Dodging
 + Level 2.0 Invocations


You couldn't memorise any spells.
You didn't know any spells.
Your spell library was empty.

Dungeon Overview and Level Annotations

Branches:
Dungeon (0/15)

Altars:


Innate Abilities, Weirdness & Mutations

You have hooves in place of feet.
Armour fits poorly on your strangely shaped body.
You cover ground very quickly.
You have extremely tough skin. (AC +3)


Message History

Tentacles burst from the starspawn's body! 2 starspawn tentacles come into view.
A tentacle flies out from the starspawn's body!
A starspawn tentacle comes into view.
A tentacle flies out from the starspawn's body!
A starspawn tentacle comes into view.
The neqoxec gestures at you.
You feel dopey. Something feeds on your intellect!
An ancient zyme comes into view.
You feel yourself growing ill in the presence of the ancient zyme.
A tentacle flies out from the starspawn's body!
A starspawn tentacle comes into view.
A sixfirhy comes into view.
You feel ill.
The sixfirhy hits you but does no damage. x2
The sixfirhy hits you!
Ouch! That really hurt!
The sixfirhy shocks you!
You die...

.. ###. . .. ##...##
#. .. #...#.###. .#
#......#. #.
.##....... .. .
.#...# . . . #....#.
#. #.. #@.#..## # ##
##. #...#3##..###
..###.. #.##.#...#..#
#...#.# #
#..##...#..#..# . .
#.#...##x.#. .###..#
#..#.#.#..#x....33w.#
#.#..... .#.
##.###X#.
#..#...##.##...###...
. .. ...... ...ยง.#
#. .


You could see an ancient zyme, a sixfirhy and a small abomination.

Vanquished Creatures (others)
  12 starspawn tentacles (Abyss:1)
12 creatures vanquished.

Notes
Turn   | Place    | Note
-------+----------+-------------------------------------------
     0 | Abyss:1  | Gargoyl the Centaur Abyssal Knight began the quest for the
                  | Orb.
     0 | Abyss:1  | Reached XP level 1. HP: 19/19 MP: 2/2
    31 | Abyss:1  | Noticed a rakshasa
    57 | Abyss:1  | Noticed a ynoxinul
    58 | Abyss:1  | Noticed a small abomination
    61 | Abyss:1  | Noticed a glowing orange brain
    67 | Abyss:1  | Noticed a small abomination
    92 | Abyss:1  | Noticed a small abomination
    93 | Abyss:1  | Noticed a tentacled starspawn
   100 | Abyss:1  | Noticed a neqoxec
   103 | Abyss:1  | Noticed a tentacled starspawn
   119 | Abyss:1  | Noticed an ancient zyme
   120 | Abyss:1  | Noticed a sixfirhy
   127 | Abyss:1  | Slain by a sixfirhy

Levels and vault maps discovered:
Abyss:1

Action                   || total
-------------------------++-------
  Use: Potion            ||     1
Armor: Leather armour    ||     2

Table legend:
 A = Non-vault XP
 B = Vault XP
 C = Vault XP percentage of total XP
 D = Non-vault monster count
 E = Vault monster count
 F = Vault count percentage of total count
                 A         B        C        D         E       F
            +---------+---------+-------+---------+---------+-------
      Total |       0 |       0 |   N/A |       0 |       0 |  -nan
            +---------+---------+-------+---------+---------+-------
            +---------+---------+-------+---------+---------+-------
